Map: Glittering Ashes LE

Players

ThotSlayer

  • Race: Protoss Protoss
  • League: Diamond
  • Spawn Location: 1:00

Warthog - Winner!

  • Race: Terran Terran
  • League: Diamond
  • Spawn Location: 7:00

VOD

Have the link to the VOD?

Description

Time

  • Played on: Nov. 16, 2021, 7:35 p.m.
  • Length: 16:35
Show
View Real Time Build Order
Export as new Build Order

ThotSlayer Protoss 

Build Orders: 1 Gate Expand, Blink Stalkers 

Get SALT Encoding   

  12  0:00  Probe  
  13  0:12  Probe  
  14  0:20  Pylon  
  14  0:24  Probe  
  15  0:38  Probe (Chrono Boost)  
  15  0:39  Gateway  
  15  0:42  Assimilator  
  16  0:48  Probe (Chrono Boost)  
  17  0:53  Probe (Chrono Boost)  
  18  1:04  Probe  
  19  1:16  Probe  
  20  1:28  Cybernetics Core, Probe  
  21  1:36  Nexus  
  21  1:41  Probe  
  21  1:45  Pylon  
  22  1:50  Assimilator  
  22  1:53  Probe  
  23  2:01  Stalker (Chrono Boost)  
  23  2:05  Probe  
  23  2:07  Warp Gate  
  26  2:17  Probe  
  27  2:24  Stalker  
  27  2:29  Probe  
  30  2:34  Twilight Council  
  30  2:41  Probe  
  30  2:53  Probe  
  30  2:54  Probe  
  32  3:03  Gateway  
  32  3:04  Gateway  
  33  3:05  Probe  
  33  3:06  Probe  
  33  3:07  Blink (Chrono Boost)  
  34  3:17  Probe  
  35  3:22  Probe  
  36  3:29  Probe  
  36  3:30  Robotics Facility  
  37  3:34  Probe  
  37  3:36  Forge  
  38  3:42  Probe  
  38  3:44  Pylon  
  39  3:52  Probe  
  39  3:54  Probe  
  41  3:56  Stalker  
  41  4:02  Protoss Ground Weapons Level 1 (Chrono Boost), Stalker  
  45  4:06  Stalker  
  47  4:11  Probe x2  
  49  4:22  Pylon  
  49  4:23  Probe  
  50  4:26  Stalker  
  50  4:28  Probe  
  53  4:35  Probe  
  54  4:43  Observer  
  54  4:45  Probe  
  56  4:46  Pylon  
  56  4:47  Probe  
  56  4:51  Charge (Chrono Boost)  
  57  4:57  Probe  
  57  4:59  Probe  
  59  5:00  Nexus, Pylon  
  58  5:09  Probe  
  58  5:11  Probe  
  58  5:12  Gateway  
  58  5:13  Gateway  
  60  5:17  Gateway  
  60  5:21  Probe  
  60  5:22  Photon Cannon  
  60  5:23  Probe  
  60  5:27  Photon Cannon  
  63  5:28  Observer  
  63  5:33  Probe  
  63  5:35  Probe, Pylon  
  65  5:45  Probe  
  65  5:47  Probe  
  67  5:51  Gateway x2  
  67  5:56  Forge  
  67  5:58  Zealot x3, Probe  
  67  5:59  Probe  
  75  6:05  Photon Cannon  
  75  6:10  Probe  
  76  6:12  Probe  
  76  6:13  Shield Battery  
  77  6:21  Protoss Ground Armor Level 1 (Chrono Boost)  
  76  6:26  Zealot x3, Pylon  
  76  6:28  Protoss Ground Weapons Level 2 (Chrono Boost)  
  82  6:36  Probe x3  
  85  6:48  Zealot x8  
  85  6:49  Probe  
  102  7:12  Zealot x3  
  108  7:16  Nexus  
  108  7:17  Pylon  
  108  7:23  Pylon  
  108  7:35  Zealot  
  108  7:36  Zealot x3  
  116  7:41  Gateway  
  116  7:42  Gateway  
  116  7:43  Gateway  
  116  7:46  Warp Prism, Pylon  
  118  7:56  Stalker x2  
  118  7:57  Stalker  
  124  8:03  Probe  
  124  8:04  Probe x2  
  127  8:08  Zealot x3  
  127  8:09  Photon Cannon  
  133  8:19  Shield Battery, Protoss Ground Armor Level 2 (Chrono Boost)  
  133  8:24  Probe  
  133  8:26  Zealot x3  
  129  8:42  Stalker x4  
  129  8:43  Stalker x3  
  143  8:49  Probe x2  
  143  8:50  Probe x2  
  147  8:59  Nexus  
  147  9:01  Pylon  
  147  9:03  Pylon x2  
  147  9:05  Pylon  
  147  9:08  Protoss Ground Weapons Level 3 (Chrono Boost)  
  135  9:19  Zealot x2  
  135  9:20  Zealot x8  
  135  9:21  Zealot  
  110  9:39  Stalker x2  
  110  9:40  Stalker x3  
  120  9:45  Zealot x2  
  120  9:46  Zealot x4  
  132  9:57  Nexus  
  132  10:05  Zealot x6  
  132  10:06  Zealot x4  
  152  10:18  Probe  
  152  10:19  Probe x3  
  156  10:27  Stalker  
  156  10:28  Stalker x6  
  121  10:55  Gateway  
  121  10:57  Gateway  
  118  11:09  Pylon  
  118  11:11  Pylon  
  118  11:14  Pylon  
  118  11:16  Pylon  
  118  11:17  Pylon x2  
  118  11:23  Gateway  
  118  11:25  Gateway  
  118  11:26  Nexus  
  118  11:32  Observer  
  118  11:34  Pylon  
  118  11:35  Zealot x3  
  118  11:36  Zealot x5, Pylon  
  118  11:38  Protoss Ground Armor Level 3 (Chrono Boost)  
  135  11:50  Observer  
  136  11:56  Zealot x6  
  136  11:57  Zealot x4  
  156  12:03  Robotics Bay  
  146  12:18  Stalker  
  146  12:19  Zealot x2  
  146  12:20  Zealot x5  
  160  12:23  Assimilator  
  160  12:24  Assimilator  
  160  12:35  Assimilator  
  158  12:47  Zealot x6  
  167  12:52  Assimilator  
  153  13:13  Zealot x3  
  153  13:14  Zealot x6  
  171  13:22  Probe x4  
  175  13:32  Extended Thermal Lance  
  175  13:34  Probe  
  175  13:38  Nexus, Pylon  
  175  13:41  Pylon x2  
  176  13:46  Pylon  
  176  13:51  Zealot x2  
  176  13:53  Nexus  
  180  13:56  Colossus  
  146  14:42  Zealot x5  
  104  14:46  Colossus (Chrono Boost)  
  65  15:06  Stalker x2  
  65  15:07  Stalker x3  
  65  15:12  Stalker x3  
  70  15:32  Pylon  
  70  15:38  Observer (Chrono Boost)  
  70  16:10  Probe x2  
  71  16:22  Probe  
Show
View Real Time Build Order
Export as new Build Order

Warthog Terran - Winner!

Build Orders:  

Get SALT Encoding   

  12  0:00  SCV  
  13  0:12  SCV  
  14  0:19  Supply Depot  
  14  0:25  SCV  
  15  0:40  SCV  
  15  0:41  Barracks  
  16  0:45  Refinery  
  16  0:52  SCV  
  17  1:05  SCV  
  18  1:17  SCV  
  19  1:30  Orbital Command  
  19  1:32  Marine  
  20  1:41  Command Center  
  20  1:52  Factory  
  20  1:57  SCV  
  21  2:02  Refinery  
  21  2:05  Barracks Reactor  
  21  2:09  SCV  
  21  2:14  Supply Depot  
  22  2:21  SCV  
  23  2:30  Bunker  
  23  2:35  Starport  
  23  2:42  Hellion  
  25  2:45  Marine  
  25  2:50  Marine  
  27  2:58  Orbital Command  
  27  3:01  SCV  
  28  3:06  Marine  
  28  3:10  Hellion  
  31  3:16  Medivac  
  33  3:23  Marine  
  33  3:25  Marine  
  35  3:31  Hellion, SCV x2  
  39  3:43  SCV  
  39  3:46  Marine x2  
  42  3:55  SCV, Factory Tech Lab, Starport Tech Lab  
  43  4:00  Barracks x2  
  43  4:01  Supply Depot  
  43  4:04  Marine  
  43  4:06  SCV  
  43  4:07  SCV  
  46  4:13  Supply Depot  
  46  4:23  SCV  
  48  4:24  SCV  
  48  4:25  Raven  
  48  4:26  Siege Tank  
  53  4:35  SCV  
  48  4:39  SCV  
  48  4:41  Supply Depot  
  48  4:42  Marine x2  
  47  4:47  SCV  
  47  4:51  SCV  
  49  4:54  Barracks Tech Lab  
  49  4:55  Barracks Tech Lab  
  49  4:59  SCV  
  50  5:00  Siege Tank  
  50  5:01  Marine x2  
  55  5:07  SCV  
  56  5:14  SCV  
  56  5:19  Command Center, SCV  
  58  5:25  Stimpack, Combat Shield  
  58  5:26  Marine x2  
  58  5:27  SCV  
  61  5:31  SCV, Marine x2  
  64  5:39  SCV  
  65  5:43  SCV  
  65  5:46  Refinery x2  
  64  5:51  Engineering Bay x2, SCV  
  64  5:52  Marine  
  64  5:53  Marine x2  
  64  5:54  Marine  
  64  5:55  SCV  
  70  6:02  Starport Reactor  
  70  6:04  Supply Depot  
  70  6:05  Supply Depot  
  70  6:25  SCV, Siege Tank, Marine x4  
  78  6:27  SCV  
  78  6:31  Barracks  
  79  6:33  Barracks  
  79  6:37  Orbital Command  
  79  6:38  Terran Infantry Weapons Level 1  
  79  6:39  Terran Infantry Armor Level 1  
  79  6:43  Medivac, Marauder x2, Marine x2  
  79  6:44  Medivac  
  89  6:48  SCV  
  89  6:49  SCV  
  91  7:00  SCV  
  91  7:01  Marine  
  93  7:05  Marauder  
  93  7:08  Orbital Command  
  95  7:10  Supply Depot  
  95  7:12  Supply Depot  
  95  7:13  Medivac  
  95  7:14  Medivac  
  95  7:15  Marine x2  
  101  7:31  Marine x2  
  101  7:32  Supply Depot, SCV x2, Siege Tank  
  101  7:33  Marine  
  101  7:34  Marauder  
  101  7:35  Supply Depot  
  112  7:37  Concussive Shells  
  112  7:38  Marauder  
  112  7:39  Barracks Reactor  
  112  7:44  SCV x3  
  114  7:49  Marine  
  117  7:53  Marine  
  117  7:54  Marine  
  117  7:55  Supply Depot, Armory, Marine  
  117  7:56  SCV x3  
  123  7:58  Supply Depot  
  123  8:02  Marauder  
  125  8:06  Medivac x2  
  125  8:08  SCV x2  
  131  8:16  Marine  
  131  8:17  Marauder  
  131  8:19  SCV, Siege Tank  
  137  8:20  SCV x2  
  139  8:31  Marine  
  139  8:32  Marauder, Marine  
  143  8:39  SCV x2  
  145  8:42  Marauder, Marine  
  145  8:43  Refinery x2  
  147  8:51  Siege Tank  
  147  8:53  Marauder, Marine  
  153  9:01  Supply Depot x2  
  153  9:02  Supply Depot  
  153  9:06  Marauder, Marine x2  
  153  9:08  Barracks  
  153  9:09  Barracks  
  157  9:10  Barracks  
  157  9:11  Command Center  
  157  9:12  Barracks  
  157  9:15  Marine x2  
  157  9:16  SCV, Marine  
  156  9:17  Marauder  
  156  9:23  SCV  
  156  9:24  SCV, Marine x2  
  132  9:28  SCV  
  132  9:29  Marauder  
  131  9:33  Marine x2  
  131  9:34  Marauder  
  131  9:36  SCV x2  
  135  9:38  Marine  
  135  9:40  SCV  
  135  9:41  Marine  
  135  9:42  Marine  
  139  9:48  SCV x2  
  139  9:51  Marauder, Marine  
  139  9:52  SCV  
  145  9:59  Terran Infantry Weapons Level 2  
  145  10:00  SCV  
  145  10:03  Terran Infantry Armor Level 2  
  146  10:11  Marauder, Marine  
  146  10:13  Supply Depot  
  149  10:15  Barracks Tech Lab x2  
  149  10:17  Barracks Reactor, Barracks Tech Lab  
  149  10:18  Marine  
  149  10:19  Marine  
  151  10:27  Marine  
  151  10:28  Marauder, Marine  
  155  10:30  Marine  
  155  10:33  Marauder  
  127  10:35  Marauder  
  127  10:36  Marine  
  127  10:38  Marine  
  127  10:41  Marine  
  113  10:48  Marauder  
  112  10:53  Medivac  
  114  11:00  SCV  
  107  11:13  Medivac  
  107  11:14  Marauder, Marine x5  
  107  11:18  Orbital Command  
  116  11:32  Marine  
  116  11:33  Marauder, Marine x5  
  116  11:34  SCV, Marine  
  116  11:35  SCV  
  127  11:44  SCV  
  127  11:45  Marine  
  127  11:46  SCV  
  127  11:47  SCV, Marine  
  131  11:48  Medivac  
  131  11:49  Medivac  
  131  11:50  Marine  
  131  11:51  Marine x3, Factory Reactor  
  140  11:56  SCV  
  140  11:59  SCV x2  
  140  12:01  Marauder, Marine  
  146  12:08  Marine  
  146  12:09  Marauder  
  149  12:16  Marauder, Marine x2  
  149  12:18  Medivac  
  149  12:19  Medivac  
  157  12:28  Marauder, Marine x3  
  160  12:31  Marine x4  
  160  12:32  Widow Mine  
  160  12:33  Terran Infantry Weapons Level 3  
  160  12:34  Marine x2  
  160  12:35  SCV x2  
  169  12:37  Marine  
  170  12:45  Marine  
  170  12:46  Marine x2  
  156  12:59  Marine  
  156  13:00  Marauder  
  156  13:01  Marine x2  
  156  13:02  Marauder, Marine  
  156  13:04  Marauder, Marine x3  
  158  13:07  Marauder  
  158  13:08  Widow Mine  
  158  13:10  Widow Mine  
  164  13:17  Marine  
  164  13:19  Marine  
  166  13:21  Command Center  
  166  13:26  Marine x5  
  169  13:31  Marine  
  170  13:37  Marauder, Marine x3  
  170  13:38  SCV x2  
  177  14:01  Marine  
  177  14:02  Marine x9  
  187  14:08  Widow Mine x2  
  184  14:40  Marine x4  
  184  14:41  Marine  
  130  14:56  Marine  
  130  14:57  Marine x5  
  130  14:58  Marine x5  
  138  15:05  Medivac x2  
  141  15:14  Marine  
  141  15:15  Marine x5  
  141  15:18  Widow Mine x2  
  151  15:27  SCV  
  152  15:35  Medivac  
  154  15:38  Missile Turret  
  154  16:04  Command Center  
  154  16:15  Marine x4  
Tags
 
Add a new tag
Caveats
  • Supply blocks, unpowered buildings, or Contaminate may cause inaccurate times.
  • Supply counts are checked every 10 seconds.